Falcons vs Wolves

Created - Sunday, November 23, 2014 at 23:53

Goals
1 2 3 T
Falcons 0 0 1 1
Wolves 1 0 1 2
Shots
1 2 3 T
Falcons 8 8 7 23
Wolves 7 3 9 19

1st period

1. Wolves , Yannick Weber 15 (Jared Boll, Daniel Carcillo) at 0:46

Penalties :
Jordan Weal (SPR) for High sticking (Minor) at 5:49

2nd period

No Goal

Penalties :
Jared Boll (CHI) for Fighting (Major) at 2:43, Brian Dumoulin (SPR) for Fighting (Major) at 2:43, Philip Varone (SPR) for Holding (Minor) at 9:01

3rd period

2. Wolves , Jared Boll 7 (Corbin McPherson, Cedric Paquette) at 4:31
3. Falcons , Radek Martinek 2 (Mitch Callahan, Quinton Howden) at 11:18

Penalties :
Daniel Carcillo (CHI) for Holding (Minor) at 8:09, Quinton Howden (SPR) for Hooking (Minor) at 18:24

Goalie Stats

Troy Grosenick (SPR), 17 saves from 19 shots - (0.895), L, 8-12-0, 60:00 minutes
Scott Wedgewood (CHI), 22 saves from 23 shots - (0.957), W, 3-2-4, 60:00 minutes

Players Stats for Falcons

Player Name              G  A  P  +/- PIM S  H  SB GA TA FO     MP     PP MP  PK MP  
------------------------------------------------------------------------------------
Adam Pardy               0  0  0   0  0   2  0  1  1  1  0/0    24:19   1:21   1:16 
Austin Watson            0  0  0  -1  0   1  5  0  0  1  5/10   19:00   0:48   0:45 
Brian Connelly           0  0  0  -1  0   0  2  0  0  1  0/0    22:35   0:38   4:17 
Brian Dumoulin           0  0  0  -1  5   1  1  1  0  1  0/0    23:05   0:38   1:16 
Cal O'Reilly             0  0  0   0  0   2  2  0  2  0  3/6    14:18   0:00   0:00 
Chris Thorburn           0  0  0   0  0   1  2  1  7  0  0/1    15:24   1:11   1:54 
Jeff Hoggan              0  0  0   0  0   2  1  0  0  0  0/0    15:58   0:00   2:51 
Jeff Taffe               0  0  0   0  0   2  2  0  2  0  2/3    22:01   1:11   2:17 
Jordan Weal              0  0  0   0  2   2  6  0  3  1  7/17   23:17   1:11   2:36 
Kris Fredheim            0  0  0   0  0   0  0  0  0  0  0/0     8:09   0:00   0:00 
Krys Barch               0  0  0   0  0   0  0  0  0  0  0/0     0:22   0:00   0:00 
Matt Ellis               0  0  0   0  0   3  0  0  2  0  0/0    12:09   0:00   0:00 
Mattias Tedenby          0  0  0   0  0   0  0  0  0  0  0/0     0:00   0:00   0:00 
Mitch Callahan           0  1  1  -1  0   2  0  0  3  0  0/0    17:45   0:48   0:00 
Philip Varone            0  0  0   0  2   0  4  0  0  0  0/0    16:23   0:00   0:43 
Quinton Howden           0  1  1  -1  2   2  0  0  6  0  0/0    17:44   0:48   0:00 
Radek Martinek           1  0  1   1  0   1  0  0  0  1  0/0    17:06   0:00   0:00 
Tyson Strachan           0  0  0  -1  0   2  1  3  0  3  0/0    24:43   1:21   4:17 

Players Stats for Wolves

Player Name              G  A  P  +/- PIM S  H  SB GA TA FO     MP     PP MP  PK MP  
------------------------------------------------------------------------------------
A.J. Jenks               0  0  0   0  0   0  0  0  0  0  0/0     0:45   0:00   0:00 
Aaron Volpatti           0  0  0   0  0   0  1  0  0  1  0/0    21:08   2:19   0:32 
Cedric Paquette          0  1  1   1  0   1  2  0  0  0  9/13   19:23   2:44   0:00 
Chris Terry              0  0  0   0  0   0  1  1  0  0  3/7    21:20   1:39   1:13 
Christian Hanson         0  0  0   0  0   0  0  0  0  0  0/0     3:08   0:00   0:00 
Corbin McPherson         0  1  1   2  0   2  2  1  0  2  0/0    23:12   2:48   1:00 
Dane Byers               0  0  0   0  0   1  2  0  2  1  0/0    14:27   0:00   0:36 
Daniel Carcillo          0  1  1   1  2   2  4  0  3  0  0/0    18:19   1:14   0:00 
Jared Boll               1  1  2   1  5   1  3  0  0  0  0/0    18:50   2:00   0:00 
Joel Broda               0  0  0   0  0   2  2  0  0  0  0/0    11:28   2:18   0:46 
Jordan Schroeder         0  0  0   0  0   1  0  0  3  0  2/6    16:28   2:25   0:00 
Kent Huskins             0  0  0  -1  0   0  1  1  0  2  0/0    24:01   2:37   1:30 
Landon Ferraro           0  0  0   0  0   0  1  0  1  2  6/10   15:20   0:00   0:51 
Mark Pysyk               0  0  0   0  0   1  0  0  0  0  0/0     7:38   0:48   0:00 
Michael Caruso           0  0  0   0  0   0  2  0  0  1  0/0    20:03   0:27   0:29 
Scott Glennie            0  0  0   0  0   2  0  0  2  0  0/1    18:16   2:00   0:00 
Yann Sauve               0  0  0   0  0   0  0  1  0  3  0/0    25:52   2:18   0:59 
Yannick Weber            1  0  1   1  0   6  2  1  2  3  0/0    18:16   2:08   0:00 

3 Stars

1 - Scott Wedgewood (CHI)
2 - Yannick Weber (CHI)
3 - Corbin McPherson (CHI)

Power Play

Falcons - 0 on 1 Attempt(s) - 0.00%
Wolves - 0 on 3 Attempt(s) - 0.00%

Penalty Kill

Falcons - 3 on 3 Attempt(s) - 100.00% - Score 0 goal in Penalty Kill
Wolves - 1 on 1 Attempt(s) - 100.00% - Score 0 goal in Penalty Kill

Official

Referees : Unknown
Linesman : Unknown

Game Notes

Jared Boll beats up Brian Dumoulin at 2:43 of 2nd period
Yannick Weber is injured at 3:28 of 3rd period (Bruised Left Arm)

Finance

Level 1 -- Attendance: 1634 (81.70%) -- Ticket Income $57,190
Level 2 -- Attendance: 756 (75.60%) -- Ticket Income $11,340
Total Attendance: 2390 (79.67%)
Total Ticket Income: $68,530
Other Income: $33,580
Total Income: $102,110

Falcons

5 vs 5 Forward 
   Center                   Left Wing                Right Wing               Time % Phy DF OF 
 1 Jordan Weal              Jeff Taffe               Chris Thorburn           35     1   2  2  
 2 Austin Watson            Quinton Howden           Mitch Callahan           30     1   2  2  
 3 Jordan Weal              Jeff Hoggan              Matt Ellis               22     1   2  2  
 4 Cal O'Reilly             Philip Varone            Jeff Taffe               13     1   2  2  

5 vs 5 Defense 
   Defense                  Defense                                           Time % Phy DF OF 
 1 Tyson Strachan           Adam Pardy                                        35     1   2  2  
 2 Brian Dumoulin           Brian Connelly                                    30     1   2  2  
 3 Radek Martinek           Brian Dumoulin                                    22     1   2  2  
 4 Adam Pardy               Tyson Strachan                                    13     1   2  2  

PowerPlay Forward 
   Center                   Left Wing                Right Wing               Time % Phy DF OF 
 1 Jordan Weal              Jeff Taffe               Chris Thorburn           60     1   2  2  
 2 Austin Watson            Quinton Howden           Mitch Callahan           40     1   2  2  

PowerPlay Defense
   Defense                  Defense                                           Time % Phy DF OF 
 1 Tyson Strachan           Adam Pardy                                        60     1   2  2  
 2 Brian Dumoulin           Brian Connelly                                    40     1   2  2  

Penalty Kill 4 Players Forward 
   Center                   Wing                     Time % Phy DF OF 
 1 Jordan Weal              Jeff Taffe               60     1   2  2  
 2 Chris Thorburn           Austin Watson            40     1   2  2  

Penalty Kill 4 Players Defense
   Defense                  Defense                  Time % Phy DF OF 
 1 Brian Dumoulin           Adam Pardy               60     1   2  2  
 2 Tyson Strachan           Brian Connelly           40     1   2  2  

Penalty Kill - 3 Players Forward 
   Forward                                           Time % Phy DF OF 
 1 Chris Thorburn                                    60     1   2  2  
 2 Jeff Taffe                                        40     1   2  2  

Penalty Kill - 3 Players Defense
   Defense                  Defense                  Time % Phy DF OF 
 1 Tyson Strachan           Adam Pardy               60     1   2  2  
 2 Radek Martinek           Brian Connelly           40     1   2  2  

4 vs 4 Forward 
   Center                   Wing                     Time % Phy DF OF 
 1 Cal O'Reilly             Jeff Taffe               60     1   2  2  
 2 Chris Thorburn           Austin Watson            40     1   2  2  

4 vs 4 Defense
   Defense                  Defense                  Time % Phy DF OF 
 1 Radek Martinek           Adam Pardy               60     1   2  2  
 2 Tyson Strachan           Brian Connelly           40     1   2  2  

Last Minutes Offensive
   Center                   Left Wing                Right Wing               Defense                  Defense                  
   Austin Watson            Jeff Taffe               Chris Thorburn           Tyson Strachan           Adam Pardy               

Last Minutes Defensive
   Center                   Left Wing                Right Wing               Defense                  Defense                  
   Austin Watson            Jeff Taffe               Chris Thorburn           Tyson Strachan           Adam Pardy               

Goaltenders
Starting : Troy Grosenick           
Backup : Farm Player77            

Extra Forwards
Normal : Jordan Weal, Cal O'Reilly, Jeff Hoggan - PP : Jordan Weal, Cal O'Reilly - PK : Jeff Hoggan
Extra Defensemen
Normal : Radek Martinek, Brian Dumoulin, Adam Pardy - PP : Radek Martinek - PK : Brian Dumoulin, Adam Pardy
Penalty Shots
Jeff Hoggan, Jeff Taffe, Chris Thorburn, Austin Watson, Jordan Weal

Wolves

5 vs 5 Forward 
   Center                   Left Wing                Right Wing               Time % Phy DF OF 
 1 Jordan Schroeder         Chris Terry              Aaron Volpatti           35     1   2  2  
 2 Cedric Paquette          Daniel Carcillo          Jared Boll               30     1   2  2  
 3 Landon Ferraro           Aaron Volpatti           Scott Glennie            22     1   2  2  
 4 Chris Terry              Dane Byers               Jared Boll               13     1   2  2  

5 vs 5 Defense 
   Defense                  Defense                                           Time % Phy DF OF 
 1 Yann Sauve               Kent Huskins                                      35     1   2  2  
 2 Yannick Weber            Corbin McPherson                                  30     1   2  2  
 3 Yann Sauve               Michael Caruso                                    22     1   2  2  
 4 Yannick Weber            Kent Huskins                                      13     1   2  2  

PowerPlay Forward 
   Center                   Left Wing                Right Wing               Time % Phy DF OF 
 1 Jordan Schroeder         Chris Terry              Aaron Volpatti           60     1   2  2  
 2 Cedric Paquette          Scott Glennie            Jared Boll               40     1   2  2  

PowerPlay Defense
   Defense                  Defense                                           Time % Phy DF OF 
 1 Yann Sauve               Kent Huskins                                      60     1   2  2  
 2 Yannick Weber            Corbin McPherson                                  40     1   2  2  

Penalty Kill 4 Players Forward 
   Center                   Wing                     Time % Phy DF OF 
 1 Chris Terry              Aaron Volpatti           60     1   2  2  
 2 Jared Boll               Jordan Schroeder         40     1   2  2  

Penalty Kill 4 Players Defense
   Defense                  Defense                  Time % Phy DF OF 
 1 Yann Sauve               Kent Huskins             60     1   2  2  
 2 Yannick Weber            Corbin McPherson         40     1   2  2  

Penalty Kill - 3 Players Forward 
   Forward                                           Time % Phy DF OF 
 1 Chris Terry                                       60     1   2  2  
 2 Jared Boll                                        40     1   2  2  

Penalty Kill - 3 Players Defense
   Defense                  Defense                  Time % Phy DF OF 
 1 Yann Sauve               Kent Huskins             60     1   2  2  
 2 Yannick Weber            Corbin McPherson         40     1   2  2  

4 vs 4 Forward 
   Center                   Wing                     Time % Phy DF OF 
 1 Chris Terry              Scott Glennie            60     1   2  2  
 2 Jared Boll               Jordan Schroeder         40     1   2  2  

4 vs 4 Defense
   Defense                  Defense                  Time % Phy DF OF 
 1 Michael Caruso           Kent Huskins             60     1   2  2  
 2 Yannick Weber            Corbin McPherson         40     1   2  2  

Last Minutes Offensive
   Center                   Left Wing                Right Wing               Defense                  Defense                  
   Jordan Schroeder         Chris Terry              Jared Boll               Yannick Weber            Kent Huskins             

Last Minutes Defensive
   Center                   Left Wing                Right Wing               Defense                  Defense                  
   Jordan Schroeder         Chris Terry              Jared Boll               Yannick Weber            Kent Huskins             

Goaltenders
Starting : Scott Wedgewood          
Backup : Peter Mannino            

Extra Forwards
Normal : Aaron Volpatti, Scott Glennie, Landon Ferraro - PP : Aaron Volpatti, Scott Glennie - PK : Landon Ferraro
Extra Defensemen
Normal : Yann Sauve, Michael Caruso, Yannick Weber - PP : Yann Sauve - PK : Michael Caruso, Yannick Weber
Penalty Shots
Chris Terry, Landon Ferraro, Jared Boll, Jordan Schroeder, Aaron Volpatti

% Time on Ice - Falcons

Lines # - Real PCT - Wanted PCT - Time Play
Normal Forward
1 - 21% - 35% - 11:07
2 - 35% - 30% - 18:10
3 - 22% - 22% - 11:44
4 - 22% - 13% - 11:27
Normal Defense
1 - 33% - 35% - 17:29
2 - 34% - 30% - 17:40
3 - 26% - 22% - 13:24
4 - 7% - 13% - 3:55
PP Forward
1 - 60% - 60% - 1:11
2 - 40% - 40% - 0:48
PP Defense
1 - 68% - 60% - 1:21
2 - 32% - 40% - 0:38
PK Forward
1 - 86% - 60% - 4:48
2 - 14% - 40% - 0:45
PK Defense
1 - 23% - 60% - 1:16
2 - 77% - 40% - 4:17
PK3 Forward
1 - 0% - 60%
2 - 0% - 40%
PK3 Defense
1 - 0% - 60%
2 - 0% - 40%
44 Forward
1 - 0% - 60%
2 - 0% - 40%
44 Defense
1 - 0% - 60%
2 - 0% - 40%
Last Minute Offensive  - 0:00
Last Minute Defensive  - 0:00
Total
Forward - 60:00
Defense - 60:00

% Time on Ice - Wolves

Lines # - Real PCT - Wanted PCT - Time Play
Normal Forward
1 - 25% - 35% - 13:04
2 - 30% - 30% - 16:00
3 - 21% - 22% - 10:59
4 - 24% - 13% - 12:25
Normal Defense
1 - 26% - 35% - 13:30
2 - 39% - 30% - 20:19
3 - 18% - 22% - 9:20
4 - 18% - 13% - 9:19
PP Forward
1 - 51% - 60% - 2:49
2 - 49% - 40% - 2:44
PP Defense
1 - 33% - 60% - 1:50
2 - 67% - 40% - 3:43
PK Forward
1 - 100% - 60% - 1:59
2 - 0% - 40% - 0:00
PK Defense
1 - 50% - 60% - 0:59
2 - 50% - 40% - 1:00
PK3 Forward
1 - 0% - 60%
2 - 0% - 40%
PK3 Defense
1 - 0% - 60%
2 - 0% - 40%
44 Forward
1 - 0% - 60%
2 - 0% - 40%
44 Defense
1 - 0% - 60%
2 - 0% - 40%
Last Minute Offensive  - 0:00
Last Minute Defensive  - 0:00
Total
Forward - 60:00
Defense - 60:00

Play by Play

1st period


0:01 of 1st period - Jordan Weal wins face-off versus Jordan Schroeder in neutral zone.
0:26 of 1st period - Snap shot by Jordan Schroeder.
0:26 of 1st period - Stopped by Troy Grosenick without a rebound.
0:27 of 1st period - Cedric Paquette wins face-off versus Austin Watson in Falcons zone.
0:46 of 1st period - Slapshot by Yannick Weber.
0:46 of 1st period - Goal by Yannick Weber - Falcons : 0 - Wolves : 1.
0:47 of 1st period - Jordan Weal wins face-off versus Landon Ferraro in neutral zone.
0:50 of 1st period - Slapshot by Matt Ellis.
0:50 of 1st period - Stopped by Scott Wedgewood with a rebound.
0:52 of 1st period - Slapshot by Radek Martinek.
0:52 of 1st period - Shot Misses the Net.
0:54 of 1st period - Wrist shot by Jeff Hoggan.
0:54 of 1st period - Shot Misses the Net.
1:00 of 1st period - Snap shot by Jordan Weal.
1:00 of 1st period - Deflect By Matt Ellis.
1:00 of 1st period - Stopped by Scott Wedgewood without a rebound.
1:01 of 1st period - Jordan Weal wins face-off versus Landon Ferraro in Wolves zone.
1:12 of 1st period - Snap shot by Jeff Hoggan.
1:12 of 1st period - Stopped by Scott Wedgewood without a rebound.
1:13 of 1st period - Chris Terry wins face-off versus Cal O'Reilly in Wolves zone.
1:25 of 1st period - Icing by Adam Pardy.
1:26 of 1st period - Cal O'Reilly wins face-off versus Chris Terry in Falcons zone.
1:37 of 1st period - Snap shot by Jeff Taffe.
1:37 of 1st period - Stopped by Scott Wedgewood with a rebound.
2:09 of 1st period - Off-side.
2:10 of 1st period - Austin Watson wins face-off versus Landon Ferraro in neutral zone.
2:59 of 1st period - Landon Ferraro is hit by Brian Dumoulin and loses puck.
4:16 of 1st period - Wrist shot by Jeff Taffe.
4:16 of 1st period - Shot Blocked by Chris Terry.
4:50 of 1st period - Quinton Howden is hit by Jared Boll and loses puck.
5:20 of 1st period - Brian Connelly is hit by Cedric Paquette and loses puck.
5:49 of 1st period - Minor Penalty to Jordan Weal for High sticking.
5:50 of 1st period - Jeff Taffe wins face-off versus Jordan Schroeder in Falcons zone.
6:19 of 1st period - Kent Huskins is hit by Brian Connelly and loses puck.
6:51 of 1st period - Tyson Strachan is hit by Daniel Carcillo and loses puck.
7:16 of 1st period - Slapshot by Yannick Weber.
7:16 of 1st period - Shot Blocked by Chris Thorburn.
7:20 of 1st period - Wrist shot by Daniel Carcillo.
7:20 of 1st period - Stopped by Troy Grosenick with a rebound.
7:36 of 1st period - Jordan Schroeder is hit by Tyson Strachan and loses puck.
7:49 of 1st period - Penalty to Jordan Weal is over, Jordan Weal is back on ice.
8:29 of 1st period - Radek Martinek is hit by Landon Ferraro and loses puck.
8:46 of 1st period - Slapshot by Yannick Weber.
8:46 of 1st period - Stopped by Troy Grosenick with a rebound.
9:37 of 1st period - Adam Pardy is hit by Jared Boll and loses puck.
10:05 of 1st period - Quinton Howden is hit by Dane Byers and loses puck.
11:07 of 1st period - Mitch Callahan is hit by Kent Huskins and loses puck.
12:24 of 1st period - Yannick Weber is hit by Jordan Weal and loses puck.
12:48 of 1st period - Slapshot by Adam Pardy.
12:48 of 1st period - Shot Misses the Net.
13:42 of 1st period - Wrist shot by Jordan Weal.
13:42 of 1st period - Stopped by Scott Wedgewood without a rebound.
13:43 of 1st period - Landon Ferraro wins face-off versus Jordan Weal in Wolves zone.
14:01 of 1st period - Off-side.
14:02 of 1st period - Landon Ferraro wins face-off versus Austin Watson in neutral zone.
15:04 of 1st period - Yannick Weber is hit by Philip Varone and loses puck.
15:25 of 1st period - Jordan Schroeder is hit by Chris Thorburn and loses puck.
16:34 of 1st period - Snap shot by Quinton Howden.
16:34 of 1st period - Stopped by Scott Wedgewood with a rebound.
16:36 of 1st period - Slapshot by Quinton Howden.
16:36 of 1st period - Shot Misses the Net.
16:51 of 1st period - Icing by Daniel Carcillo.
16:52 of 1st period - Cedric Paquette wins face-off versus Cal O'Reilly in Wolves zone.
16:57 of 1st period - Cal O'Reilly is hit by Daniel Carcillo.
17:03 of 1st period - Kent Huskins is hit by Philip Varone.
17:17 of 1st period - Slapshot by Yannick Weber.
17:17 of 1st period - Stopped by Troy Grosenick with a rebound.
18:00 of 1st period - Snap shot by Jordan Schroeder.
18:00 of 1st period - Shot Blocked by Tyson Strachan.
18:02 of 1st period - Snap shot by Yann Sauve.
18:02 of 1st period - Shot Misses the Net.
18:04 of 1st period - Slapshot by Mark Pysyk.
18:04 of 1st period - Deflect By Tyson Strachan.
18:04 of 1st period - Stopped by Troy Grosenick with a rebound.
18:27 of 1st period - Wrist shot by Scott Glennie.
18:27 of 1st period - Stopped by Troy Grosenick with a rebound.
18:54 of 1st period - Mark Pysyk is hit by Jordan Weal and loses puck.
19:07 of 1st period - Mark Pysyk is hit by Jeff Taffe and loses puck.
19:18 of 1st period - Backhand shot by Jeff Taffe.
19:18 of 1st period - Shot Blocked by Yannick Weber.
19:20 of 1st period - Slapshot by Brian Dumoulin.
19:20 of 1st period - Deflect By Jeff Taffe.
19:20 of 1st period - Stopped by Scott Wedgewood with a rebound.
19:38 of 1st period - Snap shot by Austin Watson.
19:38 of 1st period - Deflect By Mitch Callahan.
19:38 of 1st period - Stopped by Scott Wedgewood without a rebound.
19:39 of 1st period - Cedric Paquette wins face-off versus Austin Watson in Wolves zone.
Goals for this period are 0 for Falcons vs 1 for Wolves.
Shots for this period are 8 for Falcons vs 7 for Wolves.

2nd period


0:01 of 2nd period - Jordan Schroeder wins face-off versus Jordan Weal in neutral zone.
0:29 of 2nd period - Wrist shot by Jordan Weal.
0:29 of 2nd period - Shot Blocked by Yann Sauve.
1:12 of 2nd period - Snap shot by Quinton Howden.
1:12 of 2nd period - Shot Misses the Net.
1:34 of 2nd period - Snap shot by Austin Watson.
1:34 of 2nd period - Stopped by Scott Wedgewood without a rebound.
1:35 of 2nd period - Landon Ferraro wins face-off versus Jordan Weal in Wolves zone.
1:44 of 2nd period - Slapshot by Yannick Weber.
1:44 of 2nd period - Stopped by Troy Grosenick with a rebound.
1:58 of 2nd period - Wrist shot by Jeff Hoggan.
1:58 of 2nd period - Shot Misses the Net.
2:19 of 2nd period - Off-side.
2:20 of 2nd period - Chris Terry wins face-off versus Cal O'Reilly in neutral zone.
2:35 of 2nd period - Kent Huskins is hit by Cal O'Reilly and loses puck.
2:43 of 2nd period - Jared Boll beats up Brian Dumoulin.
2:43 of 2nd period - Penalty to Jared Boll for Fighting.
2:43 of 2nd period - Penalty to Brian Dumoulin for Fighting.
2:44 of 2nd period - Austin Watson wins face-off versus Jordan Schroeder in Wolves zone.
3:03 of 2nd period - Wrist shot by Quinton Howden.
3:03 of 2nd period - Stopped by Scott Wedgewood with a rebound.
3:10 of 2nd period - Snap shot by Quinton Howden.
3:10 of 2nd period - Deflect By Mitch Callahan.
3:10 of 2nd period - Stopped by Scott Wedgewood with a rebound.
3:12 of 2nd period - Slapshot by Adam Pardy.
3:12 of 2nd period - Shot Misses the Net.
3:14 of 2nd period - Slapshot by Tyson Strachan.
3:14 of 2nd period - Stopped by Scott Wedgewood with a rebound.
3:16 of 2nd period - Slapshot by Tyson Strachan.
3:16 of 2nd period - Deflect By Quinton Howden.
3:16 of 2nd period - Shot Misses the Net.
3:16 of 2nd period - Puck is out of play.
3:17 of 2nd period - Cedric Paquette wins face-off versus Jordan Weal in Wolves zone.
3:17 of 2nd period - Cedric Paquette is hit by Jordan Weal.
3:48 of 2nd period - Slapshot by Jeff Taffe.
3:48 of 2nd period - Shot Misses the Net.
4:01 of 2nd period - Off-side.
4:02 of 2nd period - Austin Watson wins face-off versus Chris Terry in neutral zone.
4:23 of 2nd period - Off-side.
4:24 of 2nd period - Jordan Weal wins face-off versus Chris Terry in neutral zone.
4:27 of 2nd period - Michael Caruso is hit by Jeff Hoggan and loses puck.
4:52 of 2nd period - Wrist shot by Jordan Weal.
4:52 of 2nd period - Deflect By Matt Ellis.
4:52 of 2nd period - Stopped by Scott Wedgewood with a rebound.
5:06 of 2nd period - Yann Sauve is hit by Cal O'Reilly and loses puck.
5:13 of 2nd period - Slapshot by Yannick Weber.
5:13 of 2nd period - Deflect By Daniel Carcillo.
5:13 of 2nd period - Shot Misses the Net.
5:13 of 2nd period - Puck is out of play.
5:14 of 2nd period - Cal O'Reilly wins face-off versus Cedric Paquette in Falcons zone.
6:24 of 2nd period - Snap shot by Quinton Howden.
6:24 of 2nd period - Shot Misses the Net.
6:46 of 2nd period - Chris Terry is hit by Jordan Weal and loses puck.
7:20 of 2nd period - Yannick Weber is hit by Chris Thorburn.
7:24 of 2nd period - Wrist shot by Daniel Carcillo.
7:24 of 2nd period - Deflect By Cedric Paquette.
7:24 of 2nd period - Shot Misses the Net.
7:24 of 2nd period - Puck is out of play.
7:25 of 2nd period - Cedric Paquette wins face-off versus Jordan Weal in Falcons zone.
7:28 of 2nd period - Snap shot by Yannick Weber.
7:28 of 2nd period - Stopped by Troy Grosenick with a rebound.
7:30 of 2nd period - Snap shot by Cedric Paquette.
7:30 of 2nd period - Shot Misses the Net.
7:59 of 2nd period - Quinton Howden is hit by Dane Byers and loses puck.
8:22 of 2nd period - Daniel Carcillo is hit by Jeff Taffe and loses puck.
8:47 of 2nd period - Brian Dumoulin is hit by Yannick Weber and loses puck.
9:01 of 2nd period - Minor Penalty to Philip Varone for Holding.
9:02 of 2nd period - Cedric Paquette wins face-off versus Jordan Weal in Falcons zone.
10:01 of 2nd period - Jordan Weal is hit by Yannick Weber and loses puck.
10:21 of 2nd period - Wrist shot by Joel Broda.
10:21 of 2nd period - Stopped by Troy Grosenick with a rebound.
10:47 of 2nd period - Austin Watson is hit by Jared Boll and loses puck.
11:01 of 2nd period - Penalty to Philip Varone is over, Philip Varone is back on ice.
11:19 of 2nd period - Icing by Brian Dumoulin.
11:20 of 2nd period - Landon Ferraro wins face-off versus Chris Thorburn in Falcons zone.
11:23 of 2nd period - Snap shot by Dane Byers.
11:23 of 2nd period - Shot Hit the Post.
11:33 of 2nd period - Wrist shot by Yannick Weber.
11:33 of 2nd period - Shot Misses the Net.
13:58 of 2nd period - Tyson Strachan is hit by Joel Broda and loses puck.
16:45 of 2nd period - Kent Huskins is hit by Austin Watson and loses puck.
17:49 of 2nd period - Snap shot by Quinton Howden.
17:49 of 2nd period - Shot Hit the Post.
17:57 of 2nd period - Quinton Howden is hit by Corbin McPherson and loses puck.
18:22 of 2nd period - Scott Glennie is hit by Brian Connelly and loses puck.
18:44 of 2nd period - Snap shot by Jeff Hoggan.
18:44 of 2nd period - Stopped by Scott Wedgewood with a rebound.
18:46 of 2nd period - Wrist shot by Cal O'Reilly.
18:46 of 2nd period - Shot Misses the Net.
18:48 of 2nd period - Snap shot by Cal O'Reilly.
18:48 of 2nd period - Stopped by Scott Wedgewood without a rebound.
18:49 of 2nd period - Cal O'Reilly wins face-off versus Cedric Paquette in Wolves zone.
19:29 of 2nd period - Wrist shot by Chris Thorburn.
19:29 of 2nd period - Deflect By Kent Huskins.
19:29 of 2nd period - Stopped by Scott Wedgewood without a rebound.
19:30 of 2nd period - Jordan Weal wins face-off versus Landon Ferraro in Wolves zone.
Goals for this period are 0 for Falcons vs 0 for Wolves.
Shots for this period are 8 for Falcons vs 3 for Wolves.

3rd period


0:01 of 3rd period - Jordan Schroeder wins face-off versus Jordan Weal in neutral zone.
0:33 of 3rd period - Snap shot by Jeff Taffe.
0:33 of 3rd period - Shot Misses the Net.
0:35 of 3rd period - Slapshot by Tyson Strachan.
0:35 of 3rd period - Stopped by Scott Wedgewood without a rebound.
0:36 of 3rd period - Austin Watson wins face-off versus Cedric Paquette in Wolves zone.
1:06 of 3rd period - Austin Watson is hit by Cedric Paquette.
1:43 of 3rd period - Slapshot by Landon Ferraro.
1:43 of 3rd period - Deflect By Scott Glennie.
1:43 of 3rd period - Stopped by Troy Grosenick with a rebound.
2:21 of 3rd period - Chris Terry is hit by Jordan Weal and loses puck.
2:30 of 3rd period - Chris Terry is hit by Jordan Weal and loses puck.
2:52 of 3rd period - Slapshot by Yannick Weber.
2:52 of 3rd period - Deflect By Jeff Taffe.
2:52 of 3rd period - Stopped by Troy Grosenick with a rebound.
2:58 of 3rd period - Dane Byers is hit by Philip Varone and loses puck.
3:03 of 3rd period - Slapshot by Jeff Taffe.
3:03 of 3rd period - Shot Misses the Net.
3:05 of 3rd period - Slapshot by Adam Pardy.
3:05 of 3rd period - Stopped by Scott Wedgewood with a rebound.
3:07 of 3rd period - Wrist shot by Cal O'Reilly.
3:07 of 3rd period - Deflect By Yannick Weber.
3:07 of 3rd period - Shot Blocked by Corbin McPherson.
3:07 of 3rd period - Puck is out of play.
3:08 of 3rd period - Austin Watson wins face-off versus Cedric Paquette in Wolves zone.
3:21 of 3rd period - Slapshot by Yannick Weber.
3:21 of 3rd period - Shot Blocked by Adam Pardy.
3:27 of 3rd period - Yannick Weber is hit by Austin Watson and loses puck.
3:28 of 3rd period - Yannick Weber from Wolves is injured at 3:28 of 3rd period (Bruised Left Arm).
3:29 of 3rd period - Jeff Taffe wins face-off versus Jordan Schroeder in Wolves zone.
4:17 of 3rd period - Slapshot by Daniel Carcillo.
4:17 of 3rd period - Shot Misses the Net.
4:19 of 3rd period - Slapshot by Jared Boll.
4:19 of 3rd period - Shot Blocked by Tyson Strachan.
4:21 of 3rd period - Slapshot by Corbin McPherson.
4:21 of 3rd period - Shot Hit the Post.
4:23 of 3rd period - Slapshot by Corbin McPherson.
4:23 of 3rd period - Stopped by Troy Grosenick with a rebound.
4:25 of 3rd period - Snap shot by Cedric Paquette.
4:25 of 3rd period - Shot Blocked by Tyson Strachan.
4:27 of 3rd period - Snap shot by Daniel Carcillo.
4:27 of 3rd period - Deflect By Cedric Paquette.
4:27 of 3rd period - Stopped by Troy Grosenick with a rebound.
4:29 of 3rd period - Slapshot by Corbin McPherson.
4:29 of 3rd period - Deflect By Quinton Howden.
4:29 of 3rd period - Stopped by Troy Grosenick with a rebound.
4:31 of 3rd period - Slapshot by Jared Boll.
4:31 of 3rd period - Goal by Jared Boll - Falcons : 0 - Wolves : 2.
4:32 of 3rd period - Cedric Paquette wins face-off versus Austin Watson in neutral zone.
4:43 of 3rd period - Corbin McPherson is hit by Austin Watson and loses puck.
4:48 of 3rd period - Snap shot by Quinton Howden.
4:48 of 3rd period - Shot Misses the Net.
4:50 of 3rd period - Snap shot by Brian Dumoulin.
4:50 of 3rd period - Stopped by Scott Wedgewood without a rebound.
4:51 of 3rd period - Cedric Paquette wins face-off versus Austin Watson in Wolves zone.
5:37 of 3rd period - Wrist shot by Jordan Schroeder.
5:37 of 3rd period - Shot Blocked by Brian Dumoulin.
6:29 of 3rd period - Jordan Weal is hit by Michael Caruso and loses puck.
6:42 of 3rd period - Tyson Strachan is hit by Aaron Volpatti and loses puck.
6:55 of 3rd period - Slapshot by Adam Pardy.
6:55 of 3rd period - Stopped by Scott Wedgewood with a rebound.
7:22 of 3rd period - Quinton Howden is hit by Daniel Carcillo and loses puck.
8:09 of 3rd period - Minor Penalty to Daniel Carcillo for Holding.
8:10 of 3rd period - Chris Terry wins face-off versus Jordan Weal in Wolves zone.
8:14 of 3rd period - Off-side.
8:15 of 3rd period - Jordan Weal wins face-off versus Chris Terry in neutral zone.
10:09 of 3rd period - Penalty to Daniel Carcillo is over, Daniel Carcillo is back on ice.
10:40 of 3rd period - Slapshot by Philip Varone.
10:40 of 3rd period - Shot Blocked by Kent Huskins.
10:55 of 3rd period - Wrist shot by Cal O'Reilly.
10:55 of 3rd period - Stopped by Scott Wedgewood with a rebound.
11:18 of 3rd period - Slapshot by Radek Martinek.
11:18 of 3rd period - Deflect By Jared Boll.
11:18 of 3rd period - Goal by Radek Martinek - Falcons : 1 - Wolves : 2.
11:19 of 3rd period - Landon Ferraro wins face-off versus Jeff Taffe in neutral zone.
11:56 of 3rd period - Tyson Strachan is hit by Chris Terry and loses puck.
12:29 of 3rd period - Jordan Weal is hit by Daniel Carcillo and loses puck.
13:20 of 3rd period - Jordan Schroeder is hit by Austin Watson and loses puck.
13:35 of 3rd period - Slapshot by Scott Glennie.
13:35 of 3rd period - Shot Misses the Net.
13:43 of 3rd period - Slapshot by Scott Glennie.
13:43 of 3rd period - Deflect By Aaron Volpatti.
13:43 of 3rd period - Shot Hit the Post.
13:43 of 3rd period - Puck is out of play.
13:44 of 3rd period - Landon Ferraro wins face-off versus Jordan Weal in Falcons zone.
14:26 of 3rd period - Quinton Howden is hit by Michael Caruso.
14:56 of 3rd period - Kent Huskins is hit by Philip Varone.
15:22 of 3rd period - Snap shot by Dane Byers.
15:22 of 3rd period - Stopped by Troy Grosenick with a rebound.
16:15 of 3rd period - Snap shot by Jordan Weal.
16:15 of 3rd period - Stopped by Scott Wedgewood with a rebound.
18:18 of 3rd period - Joel Broda is hit by Austin Watson and loses puck.
18:24 of 3rd period - Minor Penalty to Quinton Howden for Hooking.
18:25 of 3rd period - Jordan Weal wins face-off versus Scott Glennie in Falcons zone.
18:53 of 3rd period - Brian Connelly is hit by Corbin McPherson and loses puck.
19:20 of 3rd period - Tyson Strachan is hit by Joel Broda and loses puck.
19:50 of 3rd period - Slapshot by Daniel Carcillo.
19:50 of 3rd period - Stopped by Troy Grosenick with a rebound.
19:52 of 3rd period - Wrist shot by Joel Broda.
19:52 of 3rd period - Stopped by Troy Grosenick without a rebound.
19:53 of 3rd period - John Hynes call a timeout for Falcons.
19:53 of 3rd period - Cedric Paquette wins face-off versus Jordan Weal in Falcons zone.
Goals for this period are 1 for Falcons vs 1 for Wolves.
Shots for this period are 7 for Falcons vs 9 for Wolves.


Output by the SimonT Hockey Simulator (STHS) for Eric Dolegowski -- Original Page W3C XHTML 1.0 Valid
Hockey Simulator - Hockey Simulation - Hockey Manager